 Dungeon Crawl Stone Soup version 0.22.1-1-ga44c0e5 (webtiles) character file.

189 Fang the Skirmisher (level 5, 0/34 HPs)
             Began as a Gargoyle Berserker on Oct 2, 2018.
             Was a Believer of Trog.
             Slain by a scorpion (3 damage)
             ... on level 4 of the Dungeon.
             The game lasted 00:02:18 (2910 turns).

Fang the Skirmisher (Gargoyle Berserker)            Turns: 2910, Time: 00:02:19

Health: 0/34       AC:  6    Str: 21    XL:     5   Next: 68%
Magic:  5/5        EV: 12    Int:  8    God:    Trog [**....]
Gold:   155        SH:  0    Dex:  9    Spells: 4/4 levels left

rFire    . . .     SeeInvis .   a - +0 hand axe
rCold    . . .     Gourm    .   (no shield)
rNeg     + . .     Faith    .   b - +0 animal skin
rPois    ∞         Spirit   .   (no helmet)
rElec    +         Reflect  .   (no cloak)
rCorr    .         Harm     .   (no gloves)
MR       .....                  (no boots)
Stlth    +.........             (no amulet)
HPRegen  0.11/turn              (no ring)
MPRegen  0.09/turn              (no ring)

@: no status effects
A: negative energy resistance 1, electricity resistance, unbreathing,
petrification resistance, rot immunity, AC +4
a: Berserk, Trog's Hand, Renounce Religion


You were on level 4 of the Dungeon.
You worshipped Trog.
Trog was pleased with you.
You were near starving.

You visited 2 branches of the dungeon, and saw 5 of its levels.

You collected 155 gold pieces.

Inventory:

Hand Weapons
 a - a +0 hand axe (weapon)
Armour
 b - a +0 animal skin (worn)
Wands
 o - a wand of enslavement (21)
Scrolls
 f - 5 scrolls of identify {unknown}
 h - a scroll of fog {unknown}
 j - 2 scrolls of enchant armour {unknown}
 k - a scroll of fear {unknown}
 m - a scroll of amnesia {unknown}
 r - a scroll of remove curse {unknown}
 s - 2 scrolls of teleportation {unknown}
Potions
 d - a potion of might {unknown}
 e - 3 potions of resistance {unknown}
 g - 2 potions of curing {unknown}
 i - a potion of magic {unknown}
 l - a potion of mutation {unknown}
 n - 2 potions of degeneration {unknown}
 p - a potion of lignification {unknown}
 q - a potion of brilliance {unknown}
 t - a potion of agility {unknown}
Comestibles
 c - 4 rations


   Skills:
 + Level 4.5 Fighting
 + Level 4.1 Axes
 + Level 2.3 Armour
 + Level 2.6 Dodging
 + Level 0.4 Stealth


You had 4 spell levels left.
You didn't know any spells.
Your spell library was empty.

Dungeon Overview and Level Annotations

Branches:
Dungeon (4/15)             Temple (1/1) D:4

Altars:
Dithmenos
Fedhas
Makhleb
Nemelex Xobeh
Okawaru
Ru
Uskayaw
Wu Jian
Jiyva

Shops:
D:4 [


Innate Abilities, Weirdness & Mutations

You are resistant to torment.
Your stone body is resilient. (AC +4)
You are immune to poison.
You resist negative energy. (rN+)
You are resistant to electric shocks. (rElec)
You can survive without breathing.
You are immune to petrification.
You are immune to rotting.


Message History

Unknown command.
You barely miss the hound.
The hound is almost dead.
You hit the scorpion but do no damage. The hound bites you.
The scorpion stings you but does no damage.
The hound bites you.
* * * LOW HITPOINT WARNING * * *
Unknown command.
You hit the hound but do no damage.
The hound is almost dead.
You closely miss the scorpion. The scorpion stings you.
* * * LOW HITPOINT WARNING * * *
The hound barely misses you.
Unknown command.
You hit the hound but do no damage.
The hound is almost dead.
You closely miss the scorpion. The hound completely misses you.
The scorpion closely misses you. The hound bites you but does no damage.
The scorpion stings you.
You die...

.# ####.# ## .... #..
##..# #.# #...#
###.####.#.# ######
......#..#.##.....#
#.#.............#
#.#...###@h.....# #####
#...### ##s.....#
##∩'.###..## #.....#
.###.##...# .!...#
#........## #####
###.#.#.## #.....#
########## ##...####
##...##...##
#......####..........##


You could see a scorpion and a hound.

Vanquished Creatures
  A scorpion (D:3)
  A worker ant (D:4)
  2 adders
  An ooze (D:1)
  2 worms
  An adder skeleton (D:4)
  4 dart slugs
  2 leopard geckos
  4 orcs (D:3)
  2 giant cockroaches (D:2)
  8 goblins
  4 hobgoblins
  10 jackals
  7 kobolds
  A quokka (D:2)
  6 bats
  5 frilled lizards
  12 rats
73 creatures vanquished.

Notes
Turn   | Place    | Note
-------+----------+-------------------------------------------
     0 | D:1      | Fang the Gargoyle Berserker began the quest for the Orb.
     0 | D:1      | Reached XP level 1. HP: 14/14 MP: 1/1
   128 | D:1      | Reached XP level 2. HP: 19/19 MP: 2/2
   419 | D:1      | Reached XP level 3. HP: 18/24 MP: 3/3
   423 | D:1      | Reached ** piety under Trog
   647 | D:2      | Found a sparkling altar of Nemelex Xobeh.
  1055 | D:2      | Found a hide-covered altar of Uskayaw.
  1072 | D:2      | Reached XP level 4. HP: 26/29 MP: 4/4
  1884 | D:3      | Reached XP level 5. HP: 20/33 MP: 5/5
  1946 | D:3      | Found a sacrificial altar of Ru.
  2680 | D:4      | Found a shadowy altar of Dithmenos.
  2680 | D:4      | Found a blossoming altar of Fedhas.
  2750 | D:4      | Found a staircase to the Ecumenical Temple.
  2804 | D:4      | Found Neut's Armour Shop.
  2841 | Temple   | Entered the Ecumenical Temple
  2910 | D:4      | Slain by a scorpion

Skill      XL: |  1  2  3  4  5 |
---------------+----------------+-----
Axes           | 3 4 |  4.1
Dodging        | 2 |  2.6
Fighting       | 4 |  4.5
Armour         | |  2.3
Stealth        | |  0.4

Action                   |  1- 3 |  4- 6 || total
-------------------------+-------+-------++-------
Melee: Hand axe          |   140 |   190 ||   330
Invok: Berserk           |     1 |     1 ||     2
 Stab: Sleeping          |       |     1 ||     1
  Eat: Chunk             |     2 |     5 ||     7
Armor: Animal skin       |    46 |    58 ||   104
Dodge: Dodged            |   109 |   143 ||   252
